AoeStats
← ᅚᅚᅚᅚ

Coastal Forest

503027134Analyzed
4v4 RM · 1mo ago on Aug 30, 2026· 20m 17s· 8 players
Game mode
Random Map
Map size
Large (8 player)
Population
200
Speed
Normal
Resources
Standard
Victory
Conquest
Starting age
Dark Age
Ending age
Imperial Age
RankedLock teamsTeams togetherTeam positionsShared explorationLock speedFull tech treeHidden civsTurbo modeCheats
Victory
Defeat
🇦🇷 Gurjaras · Argentina
1279
+14
🇨🇱 Aztecs · Chile
1277
+15
🇨🇱 Bulgarians · Chile
1258
+15
🇨🇱 Magyars · Chile
1175
+19
🇹🇼 Celts · Taiwan
1266
-17
🇺🇸 Ethiopians · United States
1244
-16
🇨🇴 Wu · Colombia
1243
-16
🇨🇱 Magyars · Chile
1228
-15
JANGEL4107
0:27 Loom
12:56 Feudal Age
14:22 Wheelbarrow
17:19 Castle Age
17:24 Gold Mining
17:53 Forging
17:44 Scale Mail Armor
17:43 Double-Bit Axe
19:33 Iron Casting
19:48 Squires
Herr_Gedoens
5:47 Loom
11:33 Feudal Age
16:21 Padded Archer Armor
18:46 Fletching
鬼洗
2:17 Loom
10:45 Feudal Age
DD2E D10 Bulldozer
8:32 Loom
11:05 Feudal Age
11:54 Double-Bit Axe
16:08 Castle Age
17:54 Bloodlines
17:45 Husbandry
17:52 Scale Barding Armor
19:12 Chain Barding Armor
18:59 Gold Mining
Pelantaro
4:58 Loom
10:23 Feudal Age
11:05 Double-Bit Axe
12:47 Forging
12:48 Arson
16:20 Fletching
22:38 Castle Age
gatuzo
8:02 Loom
10:44 Feudal Age
14:52 Castle Age
12:49 Double-Bit Axe
13:23 Fletching
14:49 Gold Mining
16:16 Bow Saw
16:44 Horse Collar
17:18 Bodkin Arrow
20:40 Padded Archer Armor
ᅚᅚᅚᅚ
12:23 Feudal Age
12:28 Man-at-Arms
13:14 Arson
13:43 Loom
15:23 Double-Bit Axe
15:19 Horse Collar
18:23 Gold Mining
felixaleman1010
8:02 Loom
10:08 Feudal Age
13:28 Bloodlines
Connection lost

Rejoining the realm…

Still unreachable

The connection could not be restored.

Session expired

The server has moved on; the page needs a fresh start.